[ AOE2 MATCH · #485465090 ]
UnrankedPersians vs Cumans
[ REPLAY ANALYSIS · EXTRACTED FROM THE RECORDED GAME ]
Feudal
10:49
Castle
15:43
Imperial
—
| APM avg | 25.3 |
| APM peak | 66 |
| eAPM avg | 10.6 |
| Villagers / military | 49 / 9 |
Focus
⚔️ 10.6% · 🌾 89.4%
Knight ×9
Feudal
10:55
Castle
14:28
Imperial
—
| APM avg | 37.8 |
| APM peak | 86 |
| eAPM avg | 18.3 |
| Villagers / military | 78 / 17 |
Focus
⚔️ 26.1% · 🌾 73.9%
Mangudai ×14 · Petard ×3
Feudal
9:41
Castle
21:31
Imperial
—
| APM avg | 23.5 |
| APM peak | 57 |
| eAPM avg | 11.0 |
| Villagers / military | 68 / 20 |
Focus
⚔️ 14.4% · 🌾 85.6%
Steppe Lancer ×20
Feudal
11:28
Castle
15:04
Imperial
—
| APM avg | 17.0 |
| APM peak | 44 |
| eAPM avg | 11.0 |
| Villagers / military | 58 / 7 |
Focus
⚔️ 6.2% · 🌾 93.8%
Boyar ×4 · Monk ×3
Feudal
12:12
Castle
16:32
Imperial
23:04
| APM avg | 30.5 |
| APM peak | 58 |
| eAPM avg | 18.7 |
| Villagers / military | 38 / 11 |
Focus
⚔️ 34.3% · 🌾 65.7%
Janissary ×11
Feudal
10:19
Castle
14:05
Imperial
—
| APM avg | 21.6 |
| APM peak | 64 |
| eAPM avg | 13.2 |
| Villagers / military | 46 / 24 |
Focus
⚔️ 27.0% · 🌾 73.0%
Hand Cannoneer ×14 · Spearman ×8 · Battering Ram ×2
Match map
Initial resources + every placement click. Lines = walls · curves = elevation contours. ◆ gold · ⬟ stone · ● berries · ✦ relic · ◌ wall gap
Your base· ✓ Closed at 15:43 · 0t walls · 2 gate(s)
Quando's base· ✓ Closed at 14:28 · 0t walls · 2 gate(s)
Diheadwarlord's base· ✓ Closed at 21:31 · 0t walls · 2 gate(s)
Relief's base· ✓ Closed at 15:04 · 0t walls · 3 gate(s)
DbZ_GoGeTa's base· ✓ Closed at 16:32 · 0t walls · 3 gate(s)
|FMG| KnoxVal's base· ✓ Closed at 14:05 · 0t walls · 3 gate(s)
Smoothed initial terrain · ◌ = detected wall gap · hover for details
Inputs per minute
— Fr4ggi - - Quando
Build order — Fr4ggi
120 actions detected in the replay
| 0:02 | Queue | Villager (Male) |
| 0:02 | Queue | Villager (Male) |
| 0:06 | Build | House |
| 0:08 | Build | House |
| 0:09 | Queue | Villager (Male) |
| 0:09 | Queue | Villager (Male) |
| 0:36 | Queue | Villager (Male) |
| 1:29 | Queue | Villager (Male) |
| 1:53 | Build | Lumber Camp |
| 2:08 | Queue | Villager (Male) |
| 2:33 | Queue | Villager (Male) |
| 3:01 | Queue | Villager (Male) |
| 3:27 | Queue | Villager (Male) |
| 3:27 | Queue | Villager (Male) |
| 3:54 | Queue | Villager (Male) |
| 3:54 | Queue | Villager (Male) |
| 3:59 | Build | House |
| 4:11 | Build | Mill |
| 5:06 | Queue | Villager (Male) |
| 5:06 | Queue | Villager (Male) |
| 5:19 | Queue | Villager (Male) |
| 5:40 | Queue | Villager (Male) |
| 6:15 | Build | House |
| 6:26 | Queue | Villager (Male) |
| 6:47 | Queue | Villager (Male) |
| 7:19 | Build | Farm |
| 7:21 | Queue | Villager (Male) |
| 7:52 | Build | Farm |
| 7:56 | Queue | Villager (Male) |
| 8:03 | Queue | Villager (Male) |
| 8:27 | Build | Mining Camp |
| 8:33 | Research | Feudal Age |
| 8:43 | Build | Farm |
| 9:12 | Build | House |
| 9:20 | Build | Barracks |
| 10:31 | Build | Mill |
| 10:41 | Queue | Villager (Male) |
| 10:49 | Age | Feudal Age |
| 11:07 | Queue | Villager (Male) |
| 11:25 | Build | Stable |
| 11:40 | Build | Farm |
| 11:41 | Queue | Villager (Male) |
| 12:13 | Build | Farm |
| 12:14 | Queue | Villager (Male) |
| 12:30 | Build | Blacksmith |
| 12:43 | Queue | Villager (Male) |
| 13:11 | Build | Farm |
| 13:17 | Research | Castle Age |
| 13:41 | Build | Lumber Camp |
| 13:48 | Queue | Villager (Male) |
| 13:54 | Research | Double-Bit Axe |
| 14:09 | Research | Horse Collar |
| 14:27 | Build | Farm |
| 14:34 | Build | Farm |
| 14:45 | Research | Bloodlines |
| 15:10 | Research | Scale Barding Armor |
| 15:27 | Queue | Villager (Male) |
| 15:43 | Age | Castle Age |
| 15:47 | Queue | Knight |
| 15:59 | Build | Farm |
| 16:11 | Build | Farm |
| 16:12 | Queue | Villager (Male) |
| 16:22 | Queue | Knight |
| 16:39 | Build | Town Center |
| 16:47 | Queue | Villager (Male) |
| 16:49 | Build | Farm |
| 16:54 | Build | Farm |
| 16:54 | Build | Farm |
| 16:54 | Build | Farm |
| 16:54 | Build | Farm |
| 16:58 | Queue | Knight |
| 17:01 | Research | Forging |
| 17:06 | Build | Farm |
| 17:12 | Queue | Villager (Male) |
| 17:18 | Build | House |
| 17:23 | Queue | Villager (Male) |
| 17:55 | Queue | Villager (Male) |
| 17:58 | Queue | Knight |
| 18:12 | Queue | Villager (Male) |
| 18:12 | Queue | Villager (Male) |
| 18:18 | Build | Farm |
| 18:21 | Build | Farm |
| 18:22 | Queue | Villager (Male) |
| 18:26 | Queue | Villager (Male) |
| 18:44 | Build | House |
| 18:59 | Queue | Villager (Male) |
| 19:03 | Queue | Villager (Male) |
| 19:09 | Queue | Knight |
| 19:19 | Build | House |
| 19:25 | Queue | Villager (Male) |
| 19:28 | Queue | Villager (Male) |
| 19:31 | Build | Farm |
| 19:35 | Build | Farm |
| 19:46 | Research | Husbandry |
| 19:48 | Queue | Knight |
| 20:03 | Build | Farm |
| 20:05 | Queue | Villager (Male) |
| 20:14 | Queue | Villager (Male) |
| 20:16 | Queue | Villager (Male) |
| 20:29 | Build | House |
| 20:53 | Build | Farm |
| 20:56 | Build | Farm |
| 20:57 | Queue | Villager (Male) |
| 20:57 | Queue | Villager (Male) |
| 21:18 | Research | Chain Barding Armor |
| 21:32 | Build | Town Center |
| 21:36 | Build | Farm |
| 21:37 | Queue | Villager (Male) |
| 21:37 | Queue | Villager (Male) |
| 22:12 | Queue | Knight |
| 22:12 | Queue | Knight |
| 22:15 | Build | Farm |
| 22:16 | Build | Farm |
| 22:26 | Build | Stable |
| 22:47 | Build | House |
| 22:50 | Research | Heavy Plow |
| 22:53 | Research | Bow Saw |
| 23:17 | Research | Iron Casting |
| 23:35 | Queue | Knight |
| 23:41 | Research | Wheelbarrow |
Build order — Quando
First 150 of 159 actions detected
| 0:00 | Queue | Villager (Male) |
| 0:01 | Queue | Villager (Male) |
| 0:01 | Queue | Villager (Male) |
| 0:02 | Build | House |
| 0:03 | Build | House |
| 0:09 | Queue | Villager (Male) |
| 0:09 | Queue | Villager (Male) |
| 1:33 | Queue | Villager (Male) |
| 1:40 | Queue | Villager (Male) |
| 1:44 | Build | Lumber Camp |
| 2:19 | Queue | Villager (Male) |
| 2:41 | Queue | Villager (Male) |
| 3:17 | Queue | Villager (Male) |
| 3:28 | Queue | Villager (Male) |
| 3:50 | Build | House |
| 3:51 | Build | House |
| 3:52 | Build | House |
| 3:59 | Queue | Villager (Male) |
| 4:31 | Queue | Villager (Male) |
| 4:44 | Build | House |
| 4:56 | Queue | Villager (Male) |
| 5:06 | Build | Mill |
| 5:11 | Queue | Villager (Male) |
| 5:33 | Queue | Villager (Male) |
| 5:52 | Queue | Villager (Male) |
| 6:10 | Build | Farm |
| 6:17 | Queue | Villager (Male) |
| 6:24 | Queue | Villager (Male) |
| 6:48 | Build | Mining Camp |
| 6:49 | Queue | Villager (Male) |
| 7:37 | Queue | Villager (Male) |
| 7:37 | Queue | Villager (Male) |
| 7:47 | Build | Farm |
| 8:22 | Research | Feudal Age |
| 8:26 | Build | Mining Camp |
| 8:54 | Queue | Villager (Male) |
| 8:54 | Queue | Villager (Male) |
| 10:55 | Age | Feudal Age |
| 11:01 | Build | Market |
| 11:03 | Build | Blacksmith |
| 11:48 | Research | Castle Age |
| 12:17 | Research | Double-Bit Axe |
| 12:43 | Research | Horse Collar |
| 12:56 | Build | Farm |
| 13:11 | Build | Farm |
| 13:33 | Queue | Villager (Male) |
| 14:28 | Age | Castle Age |
| 14:32 | Build | Castle |
| 14:40 | Build | Town Center |
| 14:41 | Queue | Villager (Male) |
| 14:45 | Research | Bow Saw |
| 14:57 | Queue | Villager (Male) |
| 15:30 | Queue | Villager (Male) |
| 15:39 | Build | Farm |
| 15:42 | Build | Farm |
| 15:47 | Build | Farm |
| 15:49 | Queue | Villager (Male) |
| 16:03 | Queue | Mangudai |
| 16:03 | Queue | Mangudai |
| 16:11 | Build | Farm |
| 16:14 | Queue | Villager (Male) |
| 16:14 | Queue | Villager (Male) |
| 16:16 | Queue | Mangudai |
| 16:17 | Queue | Villager (Male) |
| 16:33 | Build | Farm |
| 16:37 | Queue | Villager (Male) |
| 16:41 | Queue | Mangudai |
| 16:53 | Build | Farm |
| 16:57 | Queue | Villager (Male) |
| 17:00 | Queue | Mangudai |
| 17:11 | Build | Farm |
| 17:13 | Queue | Villager (Male) |
| 17:19 | Build | House |
| 17:20 | Build | House |
| 17:31 | Build | Farm |
| 17:33 | Build | Farm |
| 17:34 | Queue | Villager (Male) |
| 17:35 | Queue | Villager (Male) |
| 17:45 | Queue | Mangudai |
| 17:46 | Queue | Villager (Male) |
| 17:47 | Queue | Villager (Male) |
| 17:51 | Build | House |
| 17:52 | Build | House |
| 18:03 | Build | Farm |
| 18:11 | Queue | Villager (Male) |
| 18:13 | Queue | Mangudai |
| 18:13 | Queue | Mangudai |
| 18:19 | Queue | Petard |
| 18:36 | Queue | Villager (Male) |
| 18:36 | Queue | Villager (Male) |
| 18:52 | Queue | Petard |
| 19:00 | Build | Town Center |
| 19:08 | Queue | Villager (Male) |
| 19:08 | Queue | Villager (Male) |
| 19:15 | Build | Farm |
| 19:19 | Build | Farm |
| 19:23 | Queue | Villager (Male) |
| 19:23 | Queue | Villager (Male) |
| 19:29 | Build | House |
| 19:30 | Build | House |
| 19:39 | Research | Fletching |
| 19:41 | Queue | Mangudai |
| 19:48 | Build | Farm |
| 20:00 | Queue | Mangudai |
| 20:01 | Queue | Villager (Male) |
| 20:01 | Queue | Villager (Male) |
| 20:08 | Queue | Villager (Male) |
| 20:09 | Queue | Villager (Male) |
| 20:13 | Build | Farm |
| 20:14 | Build | Farm |
| 20:15 | Build | Farm |
| 20:18 | Build | House |
| 20:22 | Queue | Villager (Male) |
| 20:22 | Queue | Villager (Male) |
| 20:30 | Queue | Mangudai |
| 20:38 | Queue | Petard |
| 20:46 | Queue | Villager (Male) |
| 20:46 | Queue | Villager (Male) |
| 20:48 | Build | House |
| 20:49 | Build | House |
| 20:54 | Queue | Villager (Male) |
| 20:57 | Build | Mining Camp |
| 21:12 | Queue | Villager (Male) |
| 21:12 | Queue | Villager (Male) |
| 21:14 | Queue | Mangudai |
| 21:31 | Queue | Villager (Male) |
| 21:42 | Queue | Villager (Male) |
| 21:56 | Queue | Villager (Male) |
| 21:57 | Queue | Villager (Male) |
| 22:01 | Build | Farm |
| 22:03 | Queue | Villager (Male) |
| 22:03 | Queue | Villager (Male) |
| 22:11 | Queue | Villager (Male) |
| 22:11 | Queue | Villager (Male) |
| 22:13 | Build | Barracks |
| 22:21 | Build | University |
| 22:26 | Queue | Villager (Male) |
| 22:26 | Queue | Villager (Male) |
| 22:45 | Queue | Villager (Male) |
| 22:45 | Queue | Villager (Male) |
| 22:46 | Queue | Mangudai |
| 22:56 | Queue | Villager (Male) |
| 22:56 | Queue | Villager (Male) |
| 23:10 | Build | Farm |
| 23:12 | Build | Farm |
| 23:26 | Queue | Villager (Male) |
| 23:26 | Queue | Villager (Male) |
| 23:28 | Research | Ballistics |
| 23:31 | Queue | Mangudai |
| 23:33 | Build | House |
Build order — Diheadwarlord
139 actions detected in the replay
| 0:04 | Build | Mining Camp |
| 0:08 | Build | House |
| 0:09 | Build | House |
| 0:10 | Queue | Villager (Male) ×4 |
| 0:11 | Queue | Villager (Male) ×4 |
| 1:47 | Queue | Villager (Male) |
| 2:11 | Queue | Villager (Male) |
| 2:26 | Queue | Villager (Male) |
| 3:05 | Queue | Villager (Male) |
| 3:09 | Build | House |
| 3:28 | Queue | Villager (Male) |
| 3:29 | Queue | Villager (Male) |
| 3:29 | Queue | Villager (Male) |
| 3:29 | Queue | Villager (Male) |
| 3:34 | Build | Lumber Camp |
| 4:56 | Queue | Villager (Male) |
| 4:57 | Queue | Villager (Male) |
| 4:57 | Queue | Villager (Male) |
| 4:57 | Queue | Villager (Male) |
| 5:26 | Build | House |
| 6:06 | Build | House |
| 6:18 | Queue | Villager (Male) |
| 6:34 | Queue | Villager (Male) |
| 6:46 | Build | Mill |
| 7:06 | Queue | Villager (Male) |
| 7:25 | Research | Feudal Age |
| 8:37 | Build | Mining Camp |
| 9:29 | Queue | Villager (Male) |
| 9:30 | Queue | Villager (Male) |
| 9:30 | Queue | Villager (Male) |
| 9:41 | Age | Feudal Age |
| 9:47 | Queue | Villager (Male) |
| 10:13 | Build | Town Center |
| 10:19 | Queue | Villager (Male) |
| 10:38 | Queue | Villager (Male) |
| 11:05 | Queue | Villager (Male) |
| 11:11 | Build | House |
| 11:12 | Build | House |
| 11:15 | Research | Double-Bit Axe |
| 11:16 | Queue | Villager (Male) |
| 11:44 | Research | Horse Collar |
| 11:46 | Queue | Villager (Male) |
| 12:34 | Build | Farm |
| 12:37 | Build | Farm |
| 12:42 | Queue | Villager (Male) |
| 12:43 | Queue | Villager (Male) |
| 12:44 | Queue | Villager (Male) |
| 12:44 | Queue | Villager (Male) |
| 12:44 | Queue | Villager (Male) |
| 12:58 | Build | Farm |
| 13:07 | Build | Farm |
| 13:10 | Queue | Villager (Male) ×5 |
| 13:48 | Build | Farm |
| 13:51 | Build | Farm |
| 13:55 | Build | Farm |
| 13:55 | Build | Farm |
| 13:55 | Build | Farm |
| 13:55 | Build | Farm |
| 13:56 | Build | Farm |
| 13:56 | Build | Farm |
| 13:56 | Build | Farm |
| 14:20 | Build | Farm |
| 14:22 | Build | Farm |
| 14:25 | Build | Farm |
| 14:31 | Build | Farm |
| 14:36 | Build | Farm |
| 14:39 | Queue | Villager (Male) ×5 |
| 14:59 | Queue | Villager (Male) ×3 |
| 15:10 | Build | House |
| 15:11 | Build | House |
| 15:15 | Build | House |
| 15:17 | Build | House |
| 15:34 | Build | Farm |
| 15:34 | Build | Farm |
| 15:35 | Build | Farm |
| 15:35 | Build | Farm |
| 15:35 | Build | Farm |
| 15:35 | Build | Farm |
| 15:36 | Build | Farm |
| 16:00 | Build | Farm |
| 16:32 | Research | Wheelbarrow |
| 16:36 | Queue | Villager (Male) |
| 16:58 | Build | Blacksmith |
| 17:05 | Research | Loom |
| 17:27 | Build | Market |
| 17:34 | Queue | Villager (Male) |
| 17:42 | Build | Farm |
| 17:49 | Queue | Villager (Male) |
| 17:50 | Queue | Villager (Male) |
| 17:53 | Queue | Villager (Male) |
| 18:06 | Build | Barracks |
| 18:40 | Queue | Villager (Male) |
| 18:46 | Research | Castle Age |
| 18:47 | Queue | Villager (Male) |
| 18:48 | Queue | Villager (Male) |
| 18:51 | Research | Gold Mining |
| 18:56 | Build | House |
| 19:00 | Build | House |
| 19:09 | Build | Stable |
| 19:47 | Build | House |
| 19:48 | Build | House |
| 19:52 | Research | Scale Barding Armor |
| 19:52 | Research | Forging |
| 19:56 | Queue | Villager (Male) |
| 19:56 | Queue | Villager (Male) |
| 19:57 | Queue | Villager (Male) |
| 20:10 | Build | Stable |
| 20:15 | Build | Stable |
| 20:27 | Research | Bloodlines |
| 21:09 | Queue | Villager (Male) |
| 21:09 | Queue | Villager (Male) |
| 21:16 | Research | Stone Mining |
| 21:23 | Build | Mill |
| 21:24 | Build | Farm |
| 21:24 | Build | Farm |
| 21:25 | Build | Farm |
| 21:25 | Build | Farm |
| 21:25 | Build | Farm |
| 21:25 | Build | Farm |
| 21:26 | Build | Farm |
| 21:31 | Age | Castle Age |
| 21:37 | Research | Chain Barding Armor |
| 21:38 | Research | Iron Casting |
| 21:40 | Queue | Steppe Lancer ×3 |
| 21:40 | Queue | Steppe Lancer ×3 |
| 21:50 | Build | Castle |
| 22:10 | Build | Farm |
| 22:19 | Queue | Steppe Lancer ×5 |
| 22:23 | Build | Farm |
| 22:26 | Build | Farm |
| 22:29 | Build | Farm |
| 22:30 | Build | Farm |
| 22:32 | Queue | Villager (Male) ×2 |
| 22:34 | Queue | Villager (Male) |
| 22:41 | Queue | Steppe Lancer |
| 22:56 | Queue | Steppe Lancer ×2 |
| 23:11 | Queue | Steppe Lancer ×3 |
| 23:35 | Queue | Steppe Lancer ×3 |
| 23:36 | Queue | Villager (Male) ×2 |
Build order — Relief
123 actions detected in the replay
| 0:01 | Queue | Villager (Male) |
| 0:01 | Queue | Villager (Male) |
| 0:04 | Build | House |
| 0:06 | Build | House |
| 0:32 | Queue | Villager (Male) |
| 0:32 | Queue | Villager (Male) |
| 0:33 | Queue | Villager (Male) |
| 1:33 | Queue | Villager (Male) |
| 1:51 | Build | Lumber Camp |
| 2:03 | Queue | Villager (Male) |
| 2:21 | Queue | Villager (Male) |
| 2:47 | Queue | Villager (Male) |
| 2:59 | Queue | Villager (Male) |
| 3:50 | Build | House |
| 3:51 | Build | House |
| 3:52 | Queue | Villager (Male) |
| 4:16 | Queue | Villager (Male) |
| 4:22 | Build | Mill |
| 4:35 | Queue | Villager (Male) |
| 5:00 | Queue | Villager (Male) |
| 5:01 | Queue | Villager (Male) |
| 5:52 | Queue | Villager (Male) |
| 6:17 | Queue | Villager (Male) |
| 6:31 | Queue | Villager (Male) |
| 6:32 | Queue | Villager (Male) |
| 6:47 | Queue | Villager (Male) |
| 7:16 | Build | House |
| 7:23 | Queue | Villager (Male) |
| 7:52 | Build | Mining Camp |
| 7:54 | Queue | Villager (Male) |
| 8:31 | Build | Farm |
| 8:35 | Queue | Villager (Male) |
| 9:01 | Build | Mining Camp |
| 9:03 | Research | Feudal Age |
| 9:27 | Build | Farm |
| 9:31 | Build | Farm |
| 9:54 | Queue | Villager (Male) |
| 9:54 | Queue | Villager (Male) |
| 11:28 | Age | Feudal Age |
| 11:32 | Build | Market |
| 11:37 | Build | Blacksmith |
| 11:47 | Build | House |
| 12:24 | Research | Castle Age |
| 12:55 | Research | Double-Bit Axe |
| 13:21 | Research | Horse Collar |
| 13:39 | Build | Farm |
| 14:53 | Queue | Villager (Male) |
| 14:54 | Queue | Villager (Male) |
| 15:04 | Age | Castle Age |
| 15:10 | Build | Monastery |
| 15:33 | Build | Town Center |
| 15:51 | Queue | Monk |
| 16:13 | Build | Castle |
| 16:19 | Research | Loom |
| 16:20 | Queue | Villager (Male) |
| 16:21 | Queue | Villager (Male) |
| 16:30 | Build | Farm |
| 16:34 | Build | Farm |
| 16:35 | Queue | Villager (Male) |
| 16:53 | Queue | Monk |
| 17:02 | Queue | Villager (Male) |
| 17:04 | Queue | Villager (Male) |
| 17:28 | Build | Town Center |
| 18:19 | Queue | Villager (Male) |
| 18:19 | Queue | Villager (Male) |
| 18:23 | Build | Farm |
| 18:24 | Build | Farm |
| 18:25 | Queue | Boyar |
| 18:26 | Queue | Boyar |
| 18:44 | Queue | Villager (Male) |
| 18:55 | Queue | Villager (Male) |
| 18:56 | Queue | Villager (Male) |
| 19:20 | Queue | Villager (Male) |
| 19:20 | Queue | Villager (Male) |
| 19:24 | Queue | Monk |
| 19:49 | Queue | Villager (Male) |
| 19:49 | Queue | Villager (Male) |
| 20:03 | Queue | Villager (Male) |
| 20:06 | Build | Farm |
| 20:08 | Build | Farm |
| 20:09 | Build | Farm |
| 20:38 | Queue | Boyar |
| 20:38 | Queue | Boyar |
| 20:44 | Build | Farm |
| 20:51 | Build | Farm |
| 20:52 | Build | Farm |
| 20:53 | Build | Farm |
| 20:53 | Build | Farm |
| 21:03 | Queue | Villager (Male) |
| 21:03 | Queue | Villager (Male) |
| 21:21 | Build | Farm |
| 21:24 | Build | Farm |
| 21:25 | Queue | Villager (Male) |
| 21:26 | Queue | Villager (Male) |
| 22:08 | Queue | Villager (Male) |
| 22:08 | Queue | Villager (Male) |
| 22:27 | Build | Farm |
| 22:28 | Queue | Villager (Male) |
| 22:29 | Queue | Villager (Male) |
| 22:33 | Build | Farm |
| 22:40 | Build | Outpost |
| 22:41 | Research | Town Watch |
| 22:42 | Research | Wheelbarrow |
| 22:45 | Queue | Villager (Male) |
| 22:46 | Queue | Villager (Male) |
| 23:12 | Build | Mill |
| 23:13 | Build | Farm |
| 23:14 | Build | Farm |
| 23:14 | Build | Farm |
| 23:15 | Build | Farm |
| 23:15 | Build | Farm |
| 23:16 | Build | Farm |
| 23:16 | Build | Farm |
| 23:18 | Build | Farm |
| 23:22 | Queue | Villager (Male) |
| 23:22 | Queue | Villager (Male) |
| 23:23 | Research | Bow Saw |
| 23:31 | Build | Mining Camp |
| 23:37 | Build | Lumber Camp |
| 23:48 | Queue | Villager (Male) |
| 23:49 | Queue | Villager (Male) |
| 24:07 | Queue | Villager (Male) |
| 24:07 | Queue | Villager (Male) |
Build order — DbZ_GoGeTa
100 actions detected in the replay
| 0:01 | Queue | Villager (Male) |
| 0:01 | Queue | Villager (Male) |
| 0:03 | Build | House |
| 0:05 | Build | House |
| 0:22 | Queue | Villager (Male) |
| 0:23 | Queue | Villager (Male) |
| 1:29 | Queue | Villager (Male) |
| 2:00 | Queue | Villager (Male) |
| 2:07 | Build | Lumber Camp |
| 2:26 | Queue | Villager (Male) |
| 2:46 | Queue | Villager (Male) |
| 3:09 | Build | House |
| 3:19 | Queue | Villager (Male) |
| 3:46 | Queue | Villager (Male) |
| 4:02 | Queue | Villager (Male) |
| 4:22 | Build | Mill |
| 4:30 | Queue | Villager (Male) |
| 4:57 | Queue | Villager (Male) |
| 5:10 | Queue | Villager (Male) |
| 5:20 | Queue | Villager (Male) |
| 5:33 | Queue | Villager (Male) |
| 6:03 | Build | House |
| 6:07 | Queue | Villager (Male) |
| 6:07 | Queue | Villager (Male) |
| 6:31 | Build | House |
| 7:10 | Queue | Villager (Male) |
| 7:17 | Build | Farm |
| 7:21 | Build | Farm |
| 7:41 | Queue | Villager (Male) |
| 8:00 | Build | Mining Camp |
| 8:05 | Queue | Villager (Male) |
| 8:31 | Queue | Villager (Male) |
| 9:05 | Queue | Villager (Male) |
| 9:14 | Build | Farm |
| 9:20 | Queue | Villager (Male) |
| 9:39 | Build | Farm |
| 9:56 | Research | Feudal Age |
| 10:14 | Build | Mining Camp |
| 10:16 | Queue | Villager (Male) |
| 11:24 | Queue | Villager (Male) |
| 11:30 | Build | House |
| 12:12 | Age | Feudal Age |
| 12:29 | Build | Blacksmith |
| 12:34 | Build | Farm |
| 12:35 | Queue | Villager (Male) |
| 12:44 | Build | Market |
| 12:55 | Queue | Villager (Male) |
| 13:08 | Build | Farm |
| 13:10 | Build | Farm |
| 13:40 | Research | Castle Age |
| 14:02 | Research | Horse Collar |
| 14:06 | Research | Double-Bit Axe |
| 14:26 | Research | Loom |
| 14:27 | Queue | Villager (Male) |
| 14:27 | Queue | Villager (Male) |
| 14:33 | Build | Farm |
| 14:36 | Build | Farm |
| 14:56 | Build | Farm |
| 15:13 | Build | Farm |
| 15:20 | Queue | Villager (Male) |
| 15:24 | Build | House |
| 15:29 | Build | Farm |
| 15:34 | Build | Farm |
| 15:54 | Build | Farm |
| 16:03 | Queue | Villager (Male) |
| 16:13 | Build | Farm |
| 16:32 | Age | Castle Age |
| 17:04 | Build | Farm |
| 17:09 | Queue | Villager (Male) |
| 17:27 | Queue | Villager (Male) |
| 17:37 | Build | House |
| 18:21 | Queue | Villager (Male) |
| 18:37 | Build | Castle |
| 18:54 | Queue | Villager (Male) |
| 19:15 | Queue | Villager (Male) |
| 19:54 | Research | Imperial Age |
| 19:56 | Queue | Janissary |
| 20:01 | Build | Farm |
| 20:04 | Research | Heavy Plow |
| 20:16 | Queue | Janissary |
| 20:29 | Queue | Janissary |
| 20:47 | Build | House |
| 20:49 | Build | House |
| 20:51 | Build | House |
| 20:55 | Queue | Janissary |
| 20:56 | Queue | Janissary |
| 21:16 | Build | House |
| 21:19 | Queue | Janissary |
| 21:43 | Queue | Janissary |
| 21:44 | Queue | Janissary |
| 22:09 | Queue | Janissary |
| 22:38 | Queue | Janissary |
| 22:50 | Queue | Janissary |
| 22:54 | Build | House |
| 22:56 | Build | House |
| 22:57 | Build | Stone Wall |
| 22:59 | Build | House |
| 23:04 | Build | Stone Wall |
| 23:04 | Age | Imperial Age |
| 23:27 | Queue | Villager (Male) |
Build order — |FMG| KnoxVal
128 actions detected in the replay
| 0:02 | Build | House |
| 0:03 | Build | House |
| 0:04 | Queue | Villager (Male) |
| 0:04 | Queue | Villager (Male) |
| 0:04 | Queue | Villager (Male) |
| 0:05 | Queue | Villager (Male) |
| 0:05 | Queue | Villager (Male) |
| 1:27 | Queue | Villager (Male) |
| 1:28 | Queue | Villager (Male) |
| 1:50 | Build | Lumber Camp |
| 2:03 | Queue | Villager (Male) |
| 2:29 | Queue | Villager (Male) |
| 2:56 | Queue | Villager (Male) |
| 3:06 | Build | House |
| 3:08 | Build | House |
| 3:10 | Queue | Villager (Male) |
| 3:43 | Queue | Villager (Male) |
| 4:05 | Queue | Villager (Male) |
| 4:18 | Build | Mill |
| 4:29 | Queue | Villager (Male) |
| 4:30 | Queue | Villager (Male) |
| 5:06 | Queue | Villager (Male) |
| 5:06 | Queue | Villager (Male) |
| 5:07 | Queue | Villager (Male) |
| 5:07 | Queue | Villager (Male) |
| 5:56 | Queue | Villager (Male) |
| 5:56 | Queue | Villager (Male) |
| 6:40 | Queue | Villager (Male) |
| 7:01 | Queue | Villager (Male) |
| 7:35 | Queue | Villager (Male) |
| 7:45 | Build | Mining Camp |
| 7:50 | Queue | Villager (Male) |
| 8:09 | Research | Feudal Age |
| 8:45 | Build | Farm |
| 8:48 | Build | Farm |
| 9:34 | Build | House |
| 10:16 | Queue | Villager (Male) |
| 10:17 | Queue | Villager (Male) |
| 10:17 | Queue | Villager (Male) |
| 10:19 | Age | Feudal Age |
| 10:30 | Build | Market |
| 10:36 | Build | Blacksmith |
| 11:25 | Research | Castle Age |
| 11:41 | Research | Horse Collar |
| 12:10 | Build | Farm |
| 12:19 | Build | Farm |
| 12:24 | Research | Double-Bit Axe |
| 12:40 | Build | Farm |
| 12:43 | Build | Farm |
| 13:57 | Queue | Villager (Male) |
| 13:58 | Queue | Villager (Male) |
| 14:05 | Age | Castle Age |
| 14:10 | Build | University |
| 14:17 | Build | Barracks |
| 14:25 | Research | Padded Archer Armor |
| 14:34 | Research | Bow Saw |
| 14:42 | Build | House |
| 15:01 | Queue | Villager (Male) |
| 15:02 | Queue | Villager (Male) |
| 15:22 | Build | Archery Range |
| 15:56 | Research | Chemistry |
| 16:01 | Queue | Villager (Male) |
| 16:17 | Build | Farm |
| 16:22 | Queue | Villager (Male) |
| 16:33 | Queue | Spearman |
| 16:37 | Build | Archery Range |
| 16:55 | Queue | Villager (Male) |
| 16:58 | Build | Farm |
| 17:05 | Build | Farm |
| 17:09 | Queue | Spearman |
| 17:26 | Build | House |
| 17:32 | Build | Farm |
| 17:36 | Queue | Villager (Male) |
| 17:55 | Build | Siege Workshop |
| 18:18 | Queue | Hand Cannoneer |
| 18:18 | Queue | Hand Cannoneer |
| 18:27 | Build | Palisade Wall |
| 18:29 | Build | Palisade Wall |
| 18:31 | Build | Palisade Wall |
| 18:38 | Queue | Villager (Male) |
| 18:38 | Queue | Villager (Male) |
| 18:40 | Build | Farm |
| 18:46 | Queue | Hand Cannoneer |
| 18:47 | Queue | Hand Cannoneer |
| 19:03 | Build | House |
| 19:13 | Research | Elite Skirmisher (upgrade) |
| 19:37 | Queue | Hand Cannoneer |
| 19:37 | Queue | Hand Cannoneer |
| 19:52 | Queue | Battering Ram |
| 19:55 | Queue | Battering Ram |
| 19:56 | Queue | Hand Cannoneer |
| 19:58 | Research | Squires |
| 20:02 | Build | Farm |
| 20:04 | Build | Farm |
| 20:08 | Queue | Villager (Male) |
| 20:15 | Build | Farm |
| 20:16 | Build | Farm |
| 20:17 | Build | Farm |
| 20:19 | Queue | Villager (Male) |
| 20:23 | Research | Loom |
| 20:38 | Queue | Hand Cannoneer |
| 20:56 | Queue | Villager (Male) |
| 20:59 | Queue | Hand Cannoneer |
| 21:13 | Queue | Hand Cannoneer |
| 21:19 | Build | Farm |
| 21:32 | Queue | Spearman |
| 21:33 | Queue | Spearman |
| 21:39 | Queue | Hand Cannoneer |
| 21:43 | Build | House |
| 21:49 | Queue | Villager (Male) |
| 22:03 | Research | Pikeman (upgrade) |
| 22:07 | Build | Barracks |
| 22:11 | Queue | Villager (Male) |
| 22:23 | Build | Mining Camp |
| 22:27 | Queue | Villager (Male) |
| 22:35 | Build | Siege Workshop |
| 22:40 | Queue | Spearman |
| 22:40 | Queue | Spearman |
| 22:42 | Queue | Villager (Male) |
| 22:54 | Build | House |
| 22:59 | Build | House |
| 23:15 | Queue | Hand Cannoneer |
| 23:15 | Queue | Hand Cannoneer |
| 23:16 | Queue | Hand Cannoneer |
| 23:20 | Build | House |
| 23:22 | Queue | Spearman |
| 23:22 | Queue | Spearman |
| 23:42 | Queue | Villager (Male) |
Match timeline
| 9:20 | Fr4ggi · first_building Barracks |
| 9:41 | Diheadwarlord · age_up feudal |
| 10:19 | |FMG| KnoxVal · age_up feudal |
| 10:49 | Fr4ggi · age_up feudal |
| 10:55 | Quando · age_up feudal |
| 11:25 | Fr4ggi · first_building Stable |
| 11:28 | Relief · age_up feudal |
| 12:12 | DbZ_GoGeTa · age_up feudal |
| 14:05 | |FMG| KnoxVal · age_up castle |
| 14:17 | |FMG| KnoxVal · first_building Barracks |
| 14:28 | Quando · age_up castle |
| 14:32 | Quando · first_building Castle |
| 15:04 | Relief · age_up castle |
| 15:10 | Relief · first_building Monastery |
| 15:10 | |FMG| KnoxVal · first_market_sell 100 wood |
| 15:11 | |FMG| KnoxVal · first_market_buy 100 food |
| 15:22 | |FMG| KnoxVal · first_building Archery Range |
| 15:43 | Fr4ggi · age_up castle |
| 16:13 | Relief · first_building Castle |
| 16:32 | DbZ_GoGeTa · age_up castle |
| 17:55 | |FMG| KnoxVal · first_building Siege Workshop |
| 18:06 | Diheadwarlord · first_building Barracks |
| 18:27 | |FMG| KnoxVal · wall_segment Palisade Wall x1 |
| 18:29 | |FMG| KnoxVal · wall_segment Palisade Wall x1 |
| 18:31 | |FMG| KnoxVal · wall_segment Palisade Wall x1 |
| 18:37 | DbZ_GoGeTa · first_building Castle |
| 19:09 | Diheadwarlord · first_building Stable |
| 21:31 | Diheadwarlord · age_up castle |
| 21:50 | Diheadwarlord · first_building Castle |
| 22:13 | Quando · first_building Barracks |
| 22:57 | DbZ_GoGeTa · wall_segment Stone Wall x2 |
| 23:04 | DbZ_GoGeTa · wall_segment Stone Wall x1 |
| 23:04 | DbZ_GoGeTa · age_up imperial |
| 23:44 | DbZ_GoGeTa · resign |
[ AI ANALYSIS · 1 CREDIT ]
What really happened in this match?
Wolo.gg analyzes every decision: build order, eco, micro, common mistakes by bracket. Personalized analysis on WhatsApp or Discord in 30 seconds.
Civ guide
Persians
Perfil
Jugador #6051949